 Dungeon Sprint DCSS version 0.23.2-1-ga50397a (webtiles) character file.

Game seed: 6375280611114753207

143 Barsley the Covert (level 5, -1/25 HPs)
             Began as a Spriggan Assassin on May 5, 2019.
             Was a Follower of Trog.
             Slain by a spriggan
             ... wielding a +0 short sword
              (10 damage)
             ... in the Dungeon (Sprint IV: "Fedhas' Mad Dash").
             The game lasted 00:01:25 (98 turns).

Barsley the Covert (Spriggan Assassin)                Turns: 98, Time: 00:01:26

Health: -1/25      AC:  3    Str:  7    XL:     5   Next: 4%
Magic:  5/6        EV: 17    Int: 12    God:    Trog [*.....]
Gold:   38         SH:  0    Dex: 19    Spells: 4/4 levels left

rFire    . . .     SeeInvis +   b - +0 blowgun
rCold    . . .     Gourm    .   (shield restricted)
rNeg     . . .     Faith    .   c - +0 robe
rPois    .         Spirit   .   (helmet restricted)
rElec    .         Reflect  .   d - +0 cloak
rCorr    .         Harm     .   (gloves unavailable)
MR       .....     NoTele   +   (boots unavailable)
Stlth    ++++++....             o - amulet of invisibility {+Inv}
HPRegen  0.08/turn              (no ring)
MPRegen  0.10/turn              (no ring)

@: very slightly contaminated, hasted, very quick
A: very small, unfitting armour, see invisible, herbivore, speed 3, slow
metabolism 2
a: Berserk, Renounce Religion, Evoke Invisibility


You were in the Dungeon.
You worshipped Trog.
Trog was aware of your devotion.
You were not hungry.

You visited 1 branch You collected 38 gold pieces.

Inventory:

Hand Weapons
 a - a +2 dagger
 b - a +0 blowgun (weapon)
Missiles
 e - 4 poisoned needles (quivered)
 f - 2 curare-tipped needles
 n - 2 throwing nets
Armour
 c - a +0 robe (worn)
 d - a +0 cloak (worn)
Jewellery
 o - the amulet of invisibility (around neck) {+Inv}
   (You found it in the Dungeon)

   [amulet of nothing]

   It lets you turn invisible.
Scrolls
 p - a scroll of fog {unknown}
Potions
 h - 3 potions of curing
 i - a potion of heal wounds
 k - 2 potions of magic
 l - a potion of berserk rage
Comestibles
 g - a ration


   Skills:
 - Level 1.5 Fighting
 + Level 3.2 Short Blades
 + Level 3.0 Throwing
 - Level 1.5 Dodging
 * Level 14.9 Stealth
 + Level 0.9 Evocations


You had 4 spell levels left.
You didn't know any spells.
Your spell library was empty.

Dungeon Overview and Level Annotations

Branches:
Dungeon (1/1)

Altars:
Cheibriados
Dithmenos
Elyvilon
Gozag
Hepliaklqana
Kikubaaqudgha
Makhleb
Nemelex Xobeh
Okawaru
Qazlal
Ru
Sif Muna
Trog
Uskayaw
Vehumet
Wu Jian
Xom
Yredelemnul
Zin
The Shining One
Beogh
Jiyva
Lugonu


Innate Abilities, Weirdness & Mutations

You are very small and have problems with some larger weapons.
You are too small for most types of armour.
You have supernaturally acute eyesight. (SInv)
You are a herbivore.
You cover ground extremely quickly.
You need to consume almost no food.


Message History

You shoot a poisoned needle.
The poisoned needle completely misses the spriggan.
Firing (i - inventory. (/) - cycle)
e - 7 poisoned needles (quivered)
Press: ? - help, Shift-Dir - straight line, f/p - spriggan
Aim: a spriggan, wielding a +0 short sword, wearing a +0 robe and wearing a cursed +0 buckler You shoot a poisoned needle.
The poisoned needle misses the spriggan.
There is an open door here.
Firing (i - inventory. (/) - cycle)
e - 6 poisoned needles (quivered)
Press: ? - help, Shift-Dir - straight line, f/p - spriggan
Aim: a spriggan, wielding a +0 short sword, wearing a +0 robe and wearing a cursed +0 buckler You shoot a poisoned needle.
The poisoned needle barely misses the spriggan.
Firing (i - inventory. (/) - cycle)
e - 5 poisoned needles (quivered)
Press: ? - help, Shift-Dir - straight line, f/p - spriggan
Aim: a spriggan, wielding a +0 short sword, wearing a +0 robe and wearing a cursed +0 buckler You shoot a poisoned needle.
The poisoned needle closely misses the spriggan.
The spriggan hits you with a +0 short sword!
You die...

######################
#<..P#....†#.....#.⌠._
#PP..@i....'(#...'.._.
#PPPP#...†.#.#†..#..._
###############+##.._.
#._._ #####


You could see a spriggan.

Vanquished Creatures
  3 oklob saplings (D)
  A worker ant (D)
  A river rat (D)
  A rat (D)
6 creatures vanquished.

Notes
Turn   | Place    | Note
-------+----------+-------------------------------------------
     0 | D        | Barsley the Spriggan Assassin began the quest for the Orb.
     0 | D        | Reached XP level 1. HP: 10/10 MP: 2/2
     8 | D        | Reached skill level 8 in Stealth
     8 | D        | Reached XP level 2. HP: 14/14 MP: 3/3
    17 | D        | Noticed an oklob sapling
    19 | D        | Killed an oklob sapling
    19 | D        | Reached skill level 10 in Stealth
    19 | D        | Reached XP level 3. HP: 18/18 MP: 4/4
    22 | D        | Found the amulet of invisibility {+Inv}
    23 | D        | Reached skill level 12 in Stealth
    42 | D        | Found an opulent altar of Gozag.
    42 | D        | Found a hazy altar of Hepliaklqana.
    42 | D        | Found a burning altar of Makhleb.
    42 | D        | Found a roughly hewn altar of Beogh.
    42 | D        | Found a sparkling altar of Nemelex Xobeh.
    42 | D        | Found a snail-covered altar of Cheibriados.
    42 | D        | Found a sacrificial altar of Ru.
    42 | D        | Found a deep blue altar of Sif Muna.
    42 | D        | Found a shimmering altar of Xom.
    42 | D        | Found a basalt altar of Yredelemnul.
    43 | D        | Found a viscous altar of Jiyva.
    43 | D        | Found a bloodstained altar of Trog.
    43 | D        | Found an ornate altar of the Wu Jian Council.
    43 | D        | Noticed an oklob sapling priest
    44 | D        | Found an iron altar of Okawaru.
    44 | D        | Found a shadowy altar of Dithmenos.
    44 | D        | Found a glowing silver altar of Zin.
    45 | D        | Found a hide-covered altar of Uskayaw.
    45 | D        | Found an ancient bone altar of Kikubaaqudgha.
    46 | D        | Found a stormy altar of Qazlal.
    46 | D        | Found a glowing golden altar of the Shining One.
    46 | D        | Found a white marble altar of Elyvilon.
    47 | D        | Found a radiant altar of Vehumet.
    47 | D        | Found a corrupted altar of Lugonu.
    51 | D        | Became a worshipper of Trog the Wrathful
    52 | D        | Killed an oklob sapling priest
    52 | D        | Reached skill level 13 in Stealth
    52 | D        | Reached XP level 4. HP: 22/22 MP: 2/5
    62 | D        | Reached * piety under Trog
    62 | D        | Reached skill level 14 in Stealth
    62 | D        | Reached XP level 5. HP: 25/25 MP: 3/6
    98 | D        | Slain by a spriggan

Skill      XL: |  1  2  3  4 |
---------------+-------------+-----
Stealth        | 8 10 13 14 | 14.9
Short Blades   | 3 |  3.2
Throwing       | 3 |  3.0
Fighting       | |  1.5
Dodging        | |  1.5
Evocations     | |  0.9

Action                   |  1- 3 |  4- 6 || total
-------------------------+-------+-------++-------
Melee: Dagger            |     5 |     2 ||     7
 Fire: Blowgun           |       |     4 ||     4
 Abil: Evoke Invisibilit |     1 |       ||     1
  Use: Scroll            |       |     1 ||     1
       Potion            |       |     1 ||     1
 Stab: Sleeping          |     5 |     1 ||     6
